 Dungeon Crawl Stone Soup version 0.29-a0-668-g12ee2bf84d (webtiles) character file.

Game seed: 11318961970622342381

728 happo123 the Conjurer (level 7, -2/40 HPs)
             Began as a Gargoyle Conjurer on June 23, 2022.
             Was an Initiate of Vehumet.
             Slain by an ogre
             ... wielding a +0 giant club
              (16 damage)
             ... on level 5 of the Dungeon.
             The game lasted 00:24:15 (3963 turns).

happo123 the Conjurer (Gargoyle Conjurer)           Turns: 3963, Time: 00:24:16

Health: -2/40      AC:  8    Str: 10    XL:     7   Next: 72%
Magic:  8/21       EV: 11    Int: 21    God:    Vehumet [......]
Gold:   201        SH:  0    Dex:  8    Spells: 3/13 levels left

rFire   . . .      SeeInvis .   f - +2 dagger (venom)
rCold   . . .      Faith    .   (no shield)
rNeg    + . .      Spirit   .   h - +0 leather armour
rPois   ∞          Reflect  .   (no helmet)
rElec   +          Harm     .   (no cloak)
rCorr   .          Rampage  .   (no gloves)
Will    .....                   (no boots)
Stlth   ++........              (no amulet)
HPRegen 0.13/turn               s - ring of magical power
MPRegen 0.17/turn               (no ring)

@: no status effects
A: sickness immunity, AC +4, negative energy resistance 1, electricity
resistance, torment resistance 1, petrification resistance
a: Renounce Religion


You were on level 5 of the Dungeon.
You worshipped Vehumet.
Vehumet was noncommittal.
You visited 2 branches of the dungeon, and saw 6 of its levels.

You collected 201 gold pieces.

Inventory:

Hand Weapons
 d - a +0 short sword
 f - a +2 dagger of venom (weapon)
Missiles
 y - 6 silver javelins
Armour
 a - a +0 robe
 h - a +0 leather armour (worn)
 m - a +1 scale mail of positive energy
 r - a +0 kite shield
Jewellery
 n - an amulet of faith
 s - a ring of magical power (left hand)
Wands
 u - a wand of flame (5)
Scrolls
 g - 2 scrolls of identify {unknown}
 j - a scroll of fog {unknown}
 k - 2 scrolls of torment {unknown}
 p - a scroll of teleportation {unknown}
 q - 2 scrolls of blinking {unknown}
 v - a scroll of fear {unknown}
 x - a scroll of magic mapping {unknown}
Potions
 b - 2 potions of magic
 c - a potion of brilliance {unknown}
 e - 2 potions of might {unknown}
 i - a potion of berserk rage {unknown}
 l - 4 potions of curing {unknown}
 o - a potion of attraction {unknown}
 t - a potion of haste {unknown}
 w - a potion of mutation {unknown}


   Skills:
 + Level 2.6 Fighting
 + Level 2.4 Armour
 + Level 2.6 Dodging
 + Level 3.7 Stealth
 * Level 3.8 Spellcasting
 * Level 6.0 Conjurations
 * Level 2.9 Hexes


You had 3 spell levels left.
You knew the following spells:

 Your Spells              Type           Power      Damage    Failure   Level
a - Magic Dart            Conj           100%       1d8       1%          1
b - Searing Ray           Conj           58%        2d6       1%          2
c - Dazzling Flash        Conj/Hex       44%        N/A       8%          3
d - Fulminant Prism       Conj/Hex       11%        3d9       26%         4

Your spell library contained the following spells:

 Spells                   Type           Power      Damage    Failure   Level
 Apportation              Tloc           8%         N/A       16%         1
 Necrotize                Necr           16%        1d4       16%         1
 Summon Small Mammal      Summ           16%        N/A       16%         1
 Iskenderun's Mystic Bla  Conj/Tloc      16%        2d5       43%         4


Dungeon Overview and Level Annotations

Branches:
Dungeon (5/15)             Temple (1/1) D:5

Altars:
Ashenzari
Cheibriados
Dithmenos
Elyvilon
Fedhas
Gozag
Hepliaklqana
Kikubaaqudgha
Nemelex Xobeh
Okawaru
Qazlal
Ru
Sif Muna
Trog
Uskayaw
Vehumet
Wu Jian
Xom
Yredelemnul
The Shining One


Innate Abilities, Weirdness & Mutations

You are immune to sickness and miasma.
Your stone body is resilient. (AC +4)
You are immune to poison.
You resist negative energy. (rN+)
You are resistant to electric shocks. (rElec)
You are resistant to unholy torment.
You are immune to petrification.


Message History

The necrophage hits you but does no damage.
Casting: Magic Dart (safe; 1% risk of failure)
Confirm with . or Enter, or press ? or * to list all spells.
Aiming: Searing Ray (safe; 2% risk of failure)
Press: ? - help, Shift-Dir - straight line, f - ogre, p - necrophage
Aim: an ogre, wielding a +0 giant club (90% to hit)
The searing ray hits the necrophage!
The necrophage is almost destroyed.
The searing ray hits the orc.
The orc is severely wounded.
The searing ray hits the ogre!
The ogre is moderately wounded. (Press . to maintain the ray.)
The necrophage misses you.
There are no items here.
Casting: Searing Ray (safe; 2% risk of failure)
Confirm with . or Enter, or press ? or * to list all spells.
Restarting spell: Searing Ray (safe; 2% risk of failure)
Press: ? - help, Shift-Dir - straight line, f/p - ogre
Aim: an ogre, wielding a +0 giant club (moderately wounded, 90% to hit)
The searing ray hits the necrophage!
You destroy the necrophage!
Vehumet accepts your kill.
The searing ray hits the ogre.
The ogre is heavily wounded. (Press . to maintain the ray.)
Your Conjurations skill increases to level 6!
Casting: Searing Ray (safe; 1% risk of failure)
Confirm with . or Enter, or press ? or * to list all spells.
Restarting spell: Searing Ray (safe; 1% risk of failure)
Press: ? - help, Shift-Dir - straight line, f - orc, p - ogre
Aim: an orc, wielding a +0 falchion (severely wounded, 79% to hit)
The searing ray hits the ogre!
The ogre is severely wounded.
The searing ray hits the orc!
You kill the orc!
Vehumet accepts your kill. (Press . to maintain the ray.)
The ogre hits you with a +0 giant club!
You die...

....o......$.......#
.# #...>.........+
#...........###
#....)......#
#....)......#
#...........#
#..........)#
########+##O# #@#
#.........
#..#.####. #..#...
#..# ### #..# ....
####


You could see an ogre.

Vanquished Creatures
  A black bear (D:4)
  2 phantoms
  A necrophage (D:5)
  A scorpion (D:5)
  A jelly (D:3)
  A hound (D:4)
  An orc priest (D:3)
  Natasha (thrice) (D:3)
  2 orc wizards
  4 adders
  3 ufetubi
  A dart slug (D:1)
  16 orcs
  3 bats
  5 endoplasms
  5 giant cockroaches
  8 goblins
  3 hobgoblins
  6 jackals (D:3)
  7 kobolds
  3 quokkas
  8 ball pythons
  3 frilled lizards
  A rat (D:1)
89 creatures vanquished.

Vanquished Creatures (others)
  A fulminant prism (D:5)
1 creature vanquished.

Grand Total: 90 creatures vanquished

Notes
Turn   | Place    | Note
-------+----------+-------------------------------------------
     0 | D:1      | happo123 the Gargoyle Conjurer began the quest for the Orb.
     0 | D:1      | Reached XP level 1. HP: 10/10 MP: 3/3
   104 | D:1      | Reached XP level 2. HP: 8/16 MP: 1/5
   300 | D:1      | Learned a level 2 spell: Searing Ray
   502 | D:1      | You fall into a shaft and drop 1 floor!
   526 | D:1      | Reached XP level 3. HP: 20/20 MP: 3/6
   530 | D:1      | Learned a level 3 spell: Dazzling Flash
   950 | D:2      | Found a faded altar of an unknown god.
  1383 | D:2      | Reached skill level 1 in Fighting
  1633 | D:3      | Reached XP level 4. HP: 20/25 MP: 2/7
  1673 | D:3      | Reached skill level 1 in Armour
  1673 | D:3      | Reached skill level 1 in Hexes
  1719 | D:3      | Reached skill level 5 in Conjurations
  1719 | D:3      | Reached XP level 5. HP: 12/29 MP: 1/9
  2063 | D:3      | Noticed Natasha
  2077 | D:3      | Killed Natasha
  2395 | D:3      | Noticed Natasha
  2404 | D:3      | Killed Natasha
  2405 | D:3      | Reached XP level 6. HP: 28/35 MP: 10/10
  2440 | D:3      | Learned a level 4 spell: Fulminant Prism
  2533 | D:3      | Noticed Natasha
  2540 | D:3      | Killed Natasha
  2653 | D:4      | Noticed a black bear
  2692 | D:4      | Killed a black bear
  3222 | D:4      | Reached XP level 7. HP: 40/40 MP: 12/12
  3487 | D:5      | Entered Level 5 of the Dungeon
  3533 | D:5      | Found a staircase to the Ecumenical Temple.
  3540 | Temple   | Entered the Ecumenical Temple
  3594 | Temple   | Became a worshipper of Vehumet
  3963 | D:5      | Reached skill level 6 in Conjurations
  3963 | D:5      | Slain by an ogre

Illustrated notes

Levels and vault maps discovered:
D:1:      erik_arrival_cave_to_civilisation [erik_arrival_cave_to_hall],
          layout_basic
D:2:      layout_rooms, ebering_ecumenical_altar_ruins, serial_aquarium,
          aquarium_bridge_straight [aquarium_subvault_bridge,
          aquarium_subvault_wall, aquarium_subvault_bridge,
          aquarium_subvault_balcony], aquarium_bridge_square
          [aquarium_subvault_bridge, aquarium_subvault_window,
          aquarium_subvault_bridge, aquarium_subvault_wall],
          aquarium_window_corner, aquarium_window_fake, aquarium_window_1,
          aquarium_view_2f, aquarium_pool_1, lemuel_old_faithful
D:3:      layout_loops_ring, minmay_misc_feat_pillars, uniq_natasha
D:4:      layout_rooms, serial_corexii_hall, corexii_hall_statues_s,
          corexii_hall_statues_l, corexii_hall_statues_s,
          chequers_hall_statues_y, chequers_serial_rivers_micro_d,
          chequers_serial_rivers_micro_a, minmay_cut_off
D:5:      layout_basic, minmay_temple_entry_ruins, serial_glass,
          glass_columns_b, glass_columns_b, glass_columns_b, glass_columns_c,
          glass_columns_b, glass_columns_a, uniq_ijyb
Temple:   mainiacjoe_temple_cubbyholes

Skill      XL: |  1  2  3  4  5  6  7 |
---------------+----------------------+-----
Fighting       | 1 2 |  2.6
Armour         | 1 2 |  2.4
Dodging        | 2 |  2.6
Hexes          | 1 2 |  2.9
Conjurations   | 5 6 |  6.0
Stealth        | 3 |  3.7
Spellcasting   | 3 |  3.8

Action                   |  1- 3 |  4- 6 |  7- 9 || total
-------------------------+-------+-------+-------++-------
Melee: Short sword       |    12 |       |       ||    12
       Unarmed           |     5 |       |       ||     5
       Punch             |     1 |       |       ||     1
       Dagger            |    48 |    58 |    27 ||   133
 Cast: Magic Dart        |    34 |    39 |    14 ||    87
       Searing Ray       |     3 |     9 |     5 ||    17
       Dazzling Flash    |       |     1 |       ||     1
       Fulminant Prism   |       |       |     1 ||     1
 Stab: Sleeping          |     4 |     3 |     2 ||     9
Armor: Robe              |    20 |     1 |       ||    21
       Leather armour    |       |    24 |    19 ||    43
Dodge: Dodged            |    53 |    43 |    23 ||   119

Table legend: (Time is in decaauts)
 A = Elapsed time spent in this place.
 B = Non-inter-level travel time spent in this place.
 C = Inter-level travel time spent in this place.
 D = Time resting spent in this place.
 E = Time spent auto-exploring this place.
 F = Levels seen in this place.
 G = Mean time per level.
                   A        B        C        D        E       F      G
               +--------+--------+--------+--------+--------+-----+--------+
         Total |   3962 |   2719 |   1243 |    452 |   1450 |   6 |  660.3 |
       Dungeon |   3598 |   2413 |   1185 |    452 |   1148 |   5 |  719.6 |
        Temple |    363 |    305 |     58 |      0 |    302 |   1 |  363.0 |
               +--------+--------+--------+--------+--------+-----+--------+

Top non-repeatable levels by time:
     D:3: 986 daAuts
     D:4: 905 daAuts
     D:1: 898 daAuts
     D:2: 696 daAuts
  Temple: 363 daAuts
     D:5: 112 daAuts
